 Dungeon Crawl Stone Soup version 0.29-a0-1043-g569b05d6ff (webtiles) character file.

Game seed: 3133280217613179911

71 Newt the Cutter (level 4, -2/33 HPs)
             Began as a Demonspawn Gladiator on Aug 15, 2022.
             Slain by Grinder (6 damage)
             ... on level 3 of the Dungeon.
             The game lasted 00:05:35 (2132 turns).

Newt the Cutter (Demonspawn Gladiator)              Turns: 2132, Time: 00:05:36

Health: -2/33      AC:  6    Str: 17    XL:     4   Next: 5%
Magic:  0/4        EV: 12    Int:  9    God:
Gold:   62         SH:  0    Dex: 14    Spells: 3/3 levels left

rFire   . . .      SeeInvis .   a - +0 rapier
rCold   . . .      Faith    .   (no shield)
rNeg    . . .      Spirit   +   n - +0 leather armour
rPois   .          Reflect  .   c - +0 helmet
rElec   .          Harm     .   r - +0 cloak
rCorr   .          Rampage  .   p - +0 pair of gloves
Will    .....                   (no boots)
Stlth   ++........              q - amulet of guardian spirit
HPRegen 0.11/turn               (no ring)
MPRegen 0.09/turn               (no ring)

@: mighty
A: powered by pain 1, demonic touch 1
a: no special abilities


You were on level 3 of the Dungeon.
You visited 1 branch of the dungeon, and saw 3 of its levels.

You collected 82 gold pieces.
You spent 20 gold pieces at shops.

Inventory:

Hand Weapons
 a - a +0 rapier (weapon)
 b - a +0 sling
Missiles
 d - 2 throwing nets
 e - a javelin
 g - a poisoned dart (quivered)
Armour
 c - a +0 helmet (worn)
 n - a +0 leather armour (worn)
 p - a +0 pair of gloves (worn)
 r - a +0 cloak (worn)
 u - a +0 chain mail
Jewellery
 k - a ring of magical power
 q - an amulet of guardian spirit (around neck)
Scrolls
 j - a scroll of teleportation {unknown}
 l - a scroll of summoning {unknown}
 m - 2 scrolls of immolation {unknown}
 s - 2 scrolls of noise {unknown}
Potions
 f - 2 potions of degeneration
 h - 2 potions of might
 i - a potion of flight
 o - 2 potions of haste {unknown}
 t - a potion of attraction {unknown}


   Skills:
 - Level 2.0 Fighting
 - Level 4.0 Short Blades
 + Level 0.1 Ranged Weapons
 - Level 1.7 Throwing
 - Level 2.6 Dodging
 - Level 2.0 Stealth


You had 3 spell levels left.
You didn't know any spells.
Your spell library contained the following spells:

 Spells                   Type           Power      Damage    Failure   Level
 Apportation              Tloc           0%         N/A       45%         1
 Necrotise                Necr           0%         1d4       45%         1
 Summon Small Mammal      Summ           0%         N/A       45%         1


Dungeon Overview and Level Annotations

Branches:
Dungeon (3/15)

Altars:
Makhleb

Shops:
D:2 ?

Annotations:
D:3 Grinder, Sigmund


Innate Abilities, Weirdness & Mutations

You sometimes gain a little power by taking damage.
Your touch may inflict minor irresistible damage on your foes.


Message History

Aim: Grinder (entangled in a net, 86% to hit)
You throw a poisoned dart.
The poisoned dart completely misses Grinder.
Grinder struggles against the net.
(D) Dungeon
Where to? (Enter - D:3, ? - help)
Okay, then.
Unknown command.
Unknown command.
Unknown command.
Grinder gestures at you. Pain shoots through your body!
Grinder struggles against the net.
Unknown command.
Grinder struggles against the net.
You hit Grinder but do no damage.
Grinder struggles against the net.
Unknown command.
You hit Grinder.
You touch Grinder.
Grinder is moderately wounded.
Grinder gestures at you.
You suddenly lose the ability to move!
Grinder struggles against the net.
The net rips apart, and Grinder comes free!
You can move again.
You feel very mighty all of a sudden. Grinder hits you!
* * * LOW HITPOINT WARNING * * *
You writhe in agony.
* * * LOW HITPOINT WARNING * * *
Unknown command.
You hit Grinder but do no damage.
Grinder is moderately wounded.
Grinder hits you but does no damage.
Unknown command.
Okay, then.
You hit Grinder.
Grinder is moderately wounded.
Grinder closely misses you.
You puncture Grinder!
You touch Grinder!
Grinder is severely wounded.
Grinder hits you.
You die...

♣♣♣##
♣)P.###
♣)♣P.@.##
♣PP.5..#
♣♣P.#(.#
##
♣♣###(#
.# #b(#
.# #.##
.# #####
### #.#
.# #...
#.#####.#
.# #..#
#.5...5.#


You could see Grinder.

Vanquished Creatures
  3 adders
  A worm (D:2)
  2 dart slugs (D:2)
  3 endoplasms
  6 hobgoblins
  2 jackals (D:2)
  4 kobolds
  A quokka (D:2)
  4 ball pythons
  7 bats
  3 frilled lizards
  2 rats
38 creatures vanquished.

Notes
Turn   | Place    | Note
-------+----------+-------------------------------------------
     0 | D:1      | Newt the Demonspawn Gladiator began the quest for the Orb.
     0 | D:1      | Reached XP level 1. HP: 16/16 MP: 1/1
   176 | D:1      | Reached skill level 1 in Stealth
   394 | D:1      | Gained mutation: You sometimes gain a little power by
                  | taking damage. [demonic ancestry]
   394 | D:1      | Reached XP level 2. HP: 22/22 MP: 2/2
   855 | D:2      | Found Vevat's Magic Scroll Boutique.
   868 | D:2      | Bought a scroll of identify for 20 gold pieces
  1016 | D:2      | Reached skill level 3 in Short Blades
  1376 | D:2      | Reached XP level 3. HP: 27/27 MP: 3/3
  1658 | D:2      | Found a faded altar of an unknown god.
  1702 | D:3      | Found a burning altar of Makhleb.
  1702 | D:3      | Noticed a blizzard demon
  1931 | D:3      | Noticed Sigmund
  1964 | D:3      | Gained mutation: Your touch may inflict minor irresistible
                  | damage on your foes. [demonic ancestry]
  1964 | D:3      | Reached XP level 4. HP: 33/33 MP: 4/4
  2066 | D:3      | Noticed Grinder
  2092 | D:3      | Reached skill level 4 in Short Blades
  2127 | D:3      | Paralysed by Grinder for 2 turns
  2132 | D:3      | Slain by Grinder

Illustrated notes

Levels and vault maps discovered:
D:1:      dpeg_arrival_signposts, layout_basic, minmay_misc_feat_five
D:2:      layout_loops_ring, serial_shops, shop_scrolls,
          dreamdust_ecumenical_altar_hidden_monk_grotto, basic_altar
D:3:      minmay_bubble_buster, layout_loops_cross, makhleb_altar_promises_db,
          uniq_robin, uniq_crazy_yiuf_cottage, uniq_grinder, uniq_sigmund

Skill      XL: |  1  2  3  4 |
---------------+-------------+-----
Stealth        | 1 2 |  2.0
Short Blades   | 3 4 |  4.0
Fighting       | |  2.0
Ranged Weapons | |  0.1
Throwing       | |  1.7
Dodging        | |  2.6

Action                   |  1- 3 |  4- 6 || total
-------------------------+-------+-------++-------
Melee: Rapier            |    54 |     7 ||    61
       Touch             |       |     2 ||     2
 Fire: Sling             |    49 |     6 ||    55
Throw: Dart              |     1 |     5 ||     6
       Throwing net      |       |     1 ||     1
  Use: Scroll            |     3 |       ||     3
       Potion            |     1 |     1 ||     2
 Stab: Sleeping          |     2 |       ||     2
Armor: Leather armour    |    15 |    16 ||    31
Dodge: Dodged            |    31 |    38 ||    69

Table legend: (Time is in decaauts)
 A = Elapsed time spent in this place.
 B = Non-inter-level travel time spent in this place.
 C = Inter-level travel time spent in this place.
 D = Time resting spent in this place.
 E = Time spent auto-exploring this place.
 F = Levels seen in this place.
 G = Mean time per level.
                   A        B        C        D        E       F      G
               +--------+--------+--------+--------+--------+-----+--------+
         Total |   2143 |   2071 |     72 |    398 |   1209 |   3 |  714.3 |
       Dungeon |   2143 |   2071 |     72 |    398 |   1209 |   3 |  714.3 |
               +--------+--------+--------+--------+--------+-----+--------+

Top non-repeatable levels by time:
     D:2: 899 daAuts
     D:1: 806 daAuts
     D:3: 437 daAuts
